 Dungeon Crawl Stone Soup version 0.28-a0-616-gdeb3d7f7b4 (webtiles) character file.

Game seed: 10741295435971831128

160 MirrMurr the Sneak (level 5, -2/24 HPs)
             Began as a Spriggan Enchanter on Oct 6, 2021.
             Slain by a worm (6 damage)
             ... in a sewer.
             The game lasted 00:06:10 (3971 turns).

MirrMurr the Sneak (Spriggan Enchanter)             Turns: 3971, Time: 00:06:11

Health: -2/24      AC:  2    Str:  5    XL:     5   Next: 17%
Magic:  8/10       EV: 17    Int: 16    God:
Gold:   48         SH:  0    Dex: 16    Spells: 7/9 levels left

rFire   . . .      SeeInvis +   a - +1 dagger
rCold   . . .      Faith    .   (shield restricted)
rNeg    . . .      Spirit   .   b - +0 robe
rPois   .          Reflect  .   (helmet restricted)
rElec   .          Harm     .   (no cloak)
rCorr   .          Rampage  .   (gloves unavailable)
Will    .....                   (boots unavailable)
Stlth   ++++......              (no amulet)
HPRegen 0.08/turn               (no ring)
MPRegen 0.12/turn               (no ring)

@: very quick
A: very small, no large weapons, unfitting armour, see invisible, speed 3
a: no special abilities


You were in a sewer.
You visited 1 branch of the dungeon, and saw 3 of its levels.
You also visited: Sewer.

You collected 48 gold pieces.

Inventory:

Hand Weapons
 a - a +1 dagger (weapon)
Missiles
 d - 12 stones (quivered)
Armour
 b - a +0 robe (worn)
Jewellery
 g - a ring of wizardry
Scrolls
 e - 3 scrolls of teleportation {unknown}
 f - a scroll of enchant armour {unknown}
 h - 2 scrolls of blinking {unknown}
 i - 2 scrolls of identify
 k - a scroll of vulnerability {unknown}
 l - a scroll of enchant weapon {unknown}
 m - a scroll of fear {unknown}
Potions
 c - a potion of invisibility
 j - a potion of degeneration
 n - 4 potions of flight


   Skills:
 + Level 4.0 Short Blades
 - Level 2.6 Dodging
 + Level 7.2 Stealth
 - Level 2.6 Spellcasting
 - Level 3.6 Hexes


You had 7 spell levels left.
You knew the following spells:

 Your Spells              Type           Power      Damage    Failure   Level
a - Ensorcelled Hibernat  Hex/Ice        14%        N/A       14%         2

Your spell library contained the following spells:

 Spells                   Type           Power      Damage    Failure   Level
 Confusing Touch          Hex            13%        N/A       13%         3
 Tukima's Dance           Hex            13%        N/A       13%         3
 Dazzling Flash           Conj/Hex       14%        N/A       28%         3


Dungeon Overview and Level Annotations

Branches:
Dungeon (3/15)              Sewer (1/1)

Altars:

Shops:
D:1 ?


Innate Abilities, Weirdness & Mutations

You are very small and have problems with some larger weapons.
You are too small for most types of armour.
You have supernaturally acute eyesight. (SInv)
You cover ground extremely quickly. (Speed+++)


Message History

You kill the adder!
Your Short Blades skill increases to level 4!
You are starting to lose your buoyancy.
You float gracefully downwards.
Splash!
You fall into the shallow water.
Moving in this stuff is going to be slow.
As you open the large door, it creaks loudly!
An endoplasm comes into view.
The endoplasm quivers.
You hit the endoplasm.
The endoplasm is severely wounded.
The endoplasm closely misses you.
You hit the endoplasm.
The endoplasm is almost dead.
The endoplasm freezes you.
You are frozen.
You hit the endoplasm.
You kill the endoplasm!
No target in view!
No target in view!
You open the large door. 4 worms come into view.
You hit the worm.
The worm is lightly wounded.
The worm barely misses you.
You hit the worm.
The worm is moderately wounded.
You hit the worm.
The worm is moderately wounded.
Casting: Ensorcelled Hibernation (safe; 14% risk of failure)
Confirm with . or Enter, or press ? or * to list all spells.
Aiming: Ensorcelled Hibernation (safe; 14% risk of failure)
Press: ? - help, Shift-Dir - straight line, f - worm
Aim: a worm (moderately wounded, chance to affect: 48%)
The worm resists with some effort.
The worm bites you! x2
* * * LOW HITPOINT WARNING * * *
You are too injured to fight recklessly!
The worm bites you.
You die...

#≈≈≈# #.≈≈# #..# #≈≈≈#
#≈≈≈# #≈≈.# #..# #≈≈≈#
#≈≈.# #.≈≈# #..# #≈≈≈#
#≈≈≈# #†≈≈####..####≈≈≈#
#≈≈≈# #.≈≈##.#..#.##≈≈≈#
#≈≈≈# #≈≈≈##.'..w.##≈≈.#
#≈≈≈# #≈≈.##.'w.w.##≈≈.#
#≈≈≈# #≈≈≈##.#.w#.##≈≈≈#
#≈≈≈# #.≈≈# #@.# ##.≈.#
#≈≈≈# #≈≈≈# #.≈# #.≈≈#
#≈≈≈# #≈≈≈# #≈.# #≈≈≈#
#≈≈≈###≈≈≈####≈≈####≈≈.#
#≈≈≈≈≈.≈≈≈≈≈≈≈≈≈≈≈≈≈≈≈≈#
#≈≈≈≈≈≈≈≈≈≈≈≈≈≈≈≈≈≈≈≈≈≈#
#≈≈≈≈≈.≈≈≈≈..≈≈≈≈.≈≈≈.≈#
#≈≈≈≈###############≈≈≈#
#≈≈≈≈## ### #≈≈≈#


You could see 4 worms.

Vanquished Creatures
  Terence (D:2)
  5 adders
  3 worms
  3 dart slugs
  3 endoplasms
  2 giant cockroaches
  5 goblins
  4 hobgoblins
  10 jackals
  3 quokkas
  9 ball pythons
  11 bats
  6 frilled lizards
  5 kobolds (D:1)
  7 rats
77 creatures vanquished.

Vanquished Creatures (others)
  21 fungi (D:1)
21 creatures vanquished.

Grand Total: 98 creatures vanquished

Notes
Turn   | Place    | Note
-------+----------+-------------------------------------------
     0 | D:1      | MirrMurr the Spriggan Enchanter began the quest for the
                  | Orb.
     0 | D:1      | Reached XP level 1. HP: 9/9 MP: 5/5
   121 | D:1      | Reached skill level 5 in Stealth
   121 | D:1      | Reached XP level 2. HP: 8/13 MP: 6/6
   129 | D:1      | Learned a level 2 spell: Ensorcelled Hibernation
   706 | D:1      | Found Zodihoann's Magic Scroll Shoppe.
  1328 | D:1      | Reached XP level 3. HP: 16/16 MP: 8/8
  1483 | D:1      | Found a faded altar of an unknown god.
  2063 | D:2      | Reached skill level 6 in Stealth
  2156 | D:2      | Noticed Terence
  2596 | D:2      | Killed Terence
  2597 | D:2      | Reached XP level 4. HP: 7/21 MP: 4/9
  3217 | D:3      | Found a glowing drain.
  3243 | Sewer    | Entered a sewer
  3257 | Sewer    | Reached skill level 7 in Stealth
  3436 | Sewer    | Reached XP level 5. HP: 21/24 MP: 10/10
  3971 | Sewer    | Slain by a worm

Illustrated notes

Levels and vault maps discovered:
D:1:      scummos_arrival_checkerplants, layout_rooms,
          dilly_ecumenical_altar_fadedgnrine, serial_shops, shop_scrolls
D:2:      minmay_door_path, layout_rooms, uniq_terence
D:3:      layout_basic, cheibrodos_sewer_entry_sluice
Sewer:    sewer_fruit_machine

Skill      XL: |  1  2  3  4  5 |
---------------+----------------+-----
Stealth        | 5 6 7 |  7.2
Short Blades   | 2 3 4 |  4.0
Dodging        | |  2.6
Spellcasting   | |  2.6
Hexes          | |  3.6

Action                   |  1- 3 |  4- 6 || total
-------------------------+-------+-------++-------
Melee: Dagger            |   158 |   101 ||   259
 Cast: Ensorcelled Hiber |    23 |    10 ||    33
  Use: Scroll            |     1 |     1 ||     2
       Potion            |       |     1 ||     1
 Stab: Sleeping          |    18 |    20 ||    38
Armor: Robe              |    26 |    16 ||    42
Dodge: Dodged            |   125 |   107 ||   232

Table legend: (Time is in decaauts)
 A = Elapsed time spent in this place.
 B = Non-inter-level travel time spent in this place.
 C = Inter-level travel time spent in this place.
 D = Time resting spent in this place.
 E = Time spent auto-exploring this place.
 F = Levels seen in this place.
 G = Mean time per level.
                   A        B        C        D        E       F      G
               +--------+--------+--------+--------+--------+-----+--------+
         Total |   3381 |   3295 |     86 |      0 |   2693 |   4 |  845.2 |
       Dungeon |   2701 |   2615 |     86 |      0 |   2130 |   3 |  900.3 |
         Sewer |    679 |    679 |      0 |      0 |    562 |   1 |  679.0 |
               +--------+--------+--------+--------+--------+-----+--------+

Top non-repeatable levels by time:
     D:1: 1898 daAuts
     D:2: 689 daAuts
   Sewer: 679 daAuts
     D:3: 114 daAuts
